 Dungeon Crawl Stone Soup version 0.31-a0-1178-gc5c9b8f871 (webtiles) character file.

Game seed: 4694239477749070644

238 grandjackal the Covered (level 5, -1/42 HPs)
             Began as an Armataur Fighter on Dec 12, 2023.
             Slain by an orc
             ... wielding a +0 mace
              (3 damage)
             ... on level 2 of the Dungeon.
             The game lasted 00:02:58 (2178 turns).

grandjackal the Covered (Armataur Fighter)          Turns: 2178, Time: 00:02:59

Health: -1/42      AC:  7    Str: 23    XL:     5   Next: 78%
Magic:  5/5        EV:  7    Int:  9    God:
Gold:   88         SH:  4    Dex:  9    Spells: 4/4 levels left

rFire   . . .        a - +0 flail
rCold   . . .        c - +0 buckler
rNeg    . . .        b - +0 scale mail
rPois   .            (no helmet)
rElec   .            (no cloak)
rCorr   .            (no gloves)
SInv    .            (no barding)
Will    .....        (no amulet) Stlth
                     (no ring)
HPRegen 0.27/turn    (no ring)
MPRegen 0.09/turn

%: roll
@: no status effects
A: large, deformed body, tough skin 3, armoured tail, roll 1, long tongue
a: no special abilities


You were on level 2 of the Dungeon.
You visited 1 branch of the dungeon, and saw 3 of its levels.

You collected 88 gold pieces.

Inventory:

Hand Weapons
 a - a +0 flail (weapon)
Missiles
 o - a throwing net
 r - 2 curare-tipped darts
Armour
 b - a +0 scale mail (worn)
 c - a +0 buckler (worn)
Jewellery
 n - a ring of fire
 p - a ring of poison resistance
Scrolls
 e - a scroll of vulnerability {unknown}
 f - 3 scrolls of fear {unknown}
 h - a scroll of blinking {unknown}
 j - a scroll of teleportation {unknown}
 l - a scroll of revelation {unknown}
 m - 2 scrolls of identify {unknown}
 q - a scroll of torment {unknown}
 s - a scroll of noise {unknown}
Potions
 d - 2 potions of might
 g - a potion of haste {unknown}
 i - a potion of curing
 k - 2 potions of enlightenment {unknown}


   Skills:
 + Level 3.7 Fighting
 + Level 3.1 Maces & Flails
 - Level 5.0 Armour
 + Level 4.6 Shields


You had 4 spell levels left.
You didn't know any spells.
Your spell library contained the following spells:

 Spells                   Type           Power      Damage    Failure   Level
 Hailstorm                Conj/Ice       0%         3d5       98%         3
 Summon Ice Beast         Ice/Summ       0%         N/A       100%        4
 Simulacrum               Ice/Necr       0%         N/A       100%        6


Dungeon Overview and Level Annotations

Branches:
Dungeon (3/15)

Altars:
Hepliaklqana
Makhleb
Uskayaw
Xom

Annotations:
D:3 2 transporters


Innate Abilities, Weirdness & Mutations

Armour fits poorly on your strangely shaped body.
You have extremely tough skin. (AC +3)
You have a long armoured tail.
You roll when moving toward enemies. (Rampage)
Your long tongue fully drains potion bottles. (2x potion effects)


Message History

The gnoll barely misses you. The gnoll hits you but does no damage.
The orc hits you with a +0 mace. The gnoll hits you with a +3 halberd!
There is a stone staircase leading up, spattered with blood here.
The orc hits you with a +0 mace.
The gnoll hits you but does no damage. x2
You climb upwards.
There is a stone staircase leading down, spattered with blood here.
You hit the gnoll.
The gnoll is moderately wounded.
The orc hits you with a +0 mace. The gnoll hits you but does no damage.
The gnoll closely misses you.
You hit the gnoll.
The gnoll is severely wounded.
The orc hits you but does no damage. The gnoll hits you but does no damage.
The gnoll barely misses you. You block the orc's attack.
The gnoll barely misses you.
You sock the gnoll!
You kill the gnoll!
You block the orc's attack.
The gnoll hits you with a +1 flail of holy wrath.
The gnoll hits you with a +1 flail of holy wrath.
Things that are here:
a +3 halberd; a gnoll corpse You barely miss the gnoll.
The orc hits you but does no damage. You block the gnoll's attack.
You closely miss the gnoll. The orc hits you with a +0 mace.
The gnoll hits you with a +1 flail of holy wrath.
* * * LOW HITPOINT WARNING * * *
You sock the gnoll!
The gnoll is severely wounded.
The orc closely misses you.
The gnoll hits you with a +1 flail of holy wrath!
* * * LOW HITPOINT WARNING * * *
The orc barely misses you. The gnoll hits you but does no damage.
You barely miss the gnoll.
Your tail-slap misses the gnoll.
The gnoll is severely wounded.
The orc hits you but does no damage. You block the gnoll's attack.
You hit the orc.
The orc is moderately wounded.
The orc hits you with a +0 mace.
You die...

###..########.##........#.####
#..........<#.##........#.#
#........####.##........#.#
#.........# #.###########.#
########..###.###.....#...#
#.......##...<....##
#.##........#....##
#.###.o........###
#.###>#@#..#.###
#...#)#....#.# ###...#...##.#
#.###...##.# #.# #......# #.#
######## ###


You could see an orc.

Vanquished Creatures
  2 scorpions (D:3)
  2 gnolls (D:2)
  3 adders (D:3)
  4 worms
  An orc (D:3)
  5 ball pythons
  4 bats
  5 endoplasms
  4 giant cockroaches
  3 goblins
  9 hobgoblins
  3 quokkas
  6 frilled lizards
  4 kobolds
  3 rats
58 creatures vanquished.

Notes
Turn   | Place    | Note
-------+----------+-------------------------------------------
     0 | D:1      | grandjackal the Armataur Fighter began the quest for the
                  | Orb.
     0 | D:1      | Reached XP level 1. HP: 17/17 MP: 1/1
    50 | D:1      | Found a faded altar of an unknown god.
    79 | D:1      | Reached XP level 2. HP: 23/23 MP: 2/2
   555 | D:1      | Reached skill level 4 in Armour
   895 | D:2      | Reached XP level 3. HP: 25/29 MP: 3/3
   910 | D:2      | Found a hide-covered altar of Uskayaw.
  1337 | D:3      | Found a transporter.
  1341 | D:3      | Found a transporter.
  1341 | D:3      | Found a burning altar of Makhleb.
  1341 | D:3      | Noticed a scorpion
  1403 | D:3      | Found a hazy altar of Hepliaklqana.
  1426 | D:3      | Found a shimmering altar of Xom.
  1447 | D:3      | Reached XP level 4. HP: 34/35 MP: 4/4
  1605 | D:3      | Found a hide-covered altar of Uskayaw.
  1661 | D:3      | Noticed a water moccasin
  1772 | D:3      | Noticed a scorpion
  1783 | D:3      | Killed a scorpion
  1784 | D:3      | Reached XP level 5. HP: 39/41 MP: 5/5
  2108 | D:2      | Reached skill level 5 in Armour
  2175 | D:2      | HP: 1/42 [gnoll/+1 flail of holy wrath (7)]
  2178 | D:2      | Slain by an orc

Illustrated notes

Levels and vault maps discovered:
D:1:      dpeg_arrival_solitude, layout_basic, chequers_ecumenical_altar_island
D:2:      layout_basic, basic_altar
D:3:      layout_rooms, mainiacjoe_overflow_boulevard,
          gammafunk_temple_overflow_arena,
          mainiacjoe_overflow_concentric_impassable, nzn_hepliaklqana_mist_gate

Skill      XL: |  1  2  3  4  5 |
---------------+----------------+-----
Maces & Flails | 2 3 |  3.1
Armour         | 4 5 |  5.0
Fighting       | 3 |  3.7
Shields        | 4 |  4.6

Action                     |  1- 3 |  4- 6 || total
---------------------------+-------+-------++-------
  Melee: Flail             |   135 |    89 ||   224
         Tailslap          |     7 |     7 ||    14
    Use: Potion            |     1 |     1 ||     2
 Armour: Scale mail        |   123 |    89 ||   212
  Dodge: Dodged            |    57 |    34 ||    91
  Block: Buckler           |    24 |    16 ||    40

Table legend: (Time is in decaauts)
 A = Elapsed time spent in this place.
 B = Non-inter-level travel time spent in this place.
 C = Inter-level travel time spent in this place.
 D = Time resting spent in this place.
 E = Time spent auto-exploring this place.
 F = Levels seen in this place.
 G = Mean time per level.
                   A        B        C        D        E       F      G
               +--------+--------+--------+--------+--------+-----+--------+
         Total |   2247 |   2182 |     65 |    214 |   1420 |   3 |  749.0 |
       Dungeon |   2247 |   2182 |     65 |    214 |   1420 |   3 |  749.0 |
               +--------+--------+--------+--------+--------+-----+--------+

Top non-repeatable levels by time:
     D:3: 766 daAuts
     D:1: 764 daAuts
     D:2: 717 daAuts
